 Dungeon Crawl Stone Soup version bcrawl-1.15.1-4-g77d781cab4 (webtiles) character file.

Game seed: 3579738585611037012

159 Ebbett the Skirmisher (level 5, 0/47 HPs)
             Began as a Hill Orc Fighter on Aug 6, 2019.
             Slain by Natasha (6 damage)
             ... on level 3 of the Dungeon on Oct 6, 2019.
             The game lasted 00:03:46 (2043 turns).

Ebbett the Skirmisher (Hill Orc Fighter)            Turns: 2043, Time: 00:03:46

Health: 0/47       AC:  7    Str: 20    XL:     5   Next: 40%
Magic:  5/5        EV:  8    Int:  8    God:
Gold:   139        SH:  9    Dex: 10    Spells: 4/4 levels left

rFire    . . .     SeeInvis .   a - +0 war axe
rCold    . . .     Gourm    .   c - +0 shield
rNeg     . . .     Faith    .   b - +0 scale mail
rPois    .         Spirit   .   (no helmet)
rElec    .         Reflect  .   (no cloak)
rCorr    .         Harm     .   (no gloves)
MR       .....                  (no boots)
Stlth    ..........             (no amulet)
HPRegen  0.15/turn              (no ring)
MPRegen  0.09/turn              (no ring)

@: no status effects
A: no striking features
a: no special abilities


You were on level 3 of the Dungeon.
You were very hungry.

You visited 1 branch of the dungeon, and saw 3 of its levels.

You collected 139 gold pieces.

Inventory:

Hand Weapons
 a - a +0 war axe (weapon)
Armour
 b - a +0 scale mail (worn)
 c - a +0 shield (worn)
Jewellery
 o - an uncursed ring of flight {unknown}
Wands
 q - a wand of flame (18)
Scrolls
 h - a scroll of blinking {unknown}
 i - 2 scrolls of identify {unknown}
 j - 3 scrolls of enchant armour {unknown}
 l - 2 scrolls of remove curse {unknown}
 p - a scroll of teleportation {unknown}
 r - 3 scrolls of fear {unknown}
 s - a scroll of amnesia {unknown}
Potions
 d - a potion of might
 e - 3 potions of curing {unknown}
 g - a potion of mutation {unknown}
 k - a potion of lignification {unknown}
 m - a potion of agility {unknown}
 n - a potion of magic {unknown}
Comestibles
 f - a ration {!d}


   Skills:
 + Level 4.8 Fighting
   Level 4.8 Short Blades
   Level 4.8 Long Blades
   Level 4.8 Axes
   Level 4.8 Maces & Flails
   Level 4.8 Polearms
   Level 4.8 Staves
 + Level 4.1 Armour
 + Level 1.1 Dodging
 + Level 4.6 Shields
   Level 4.8 Unarmed Combat


You had 4 spell levels left.
You didn't know any spells.
Your spell library was empty.

Dungeon Overview and Level Annotations

Branches:
Dungeon (3/12)

Altars:

Annotations:
D:3 Natasha


Message History

Natasha is heavily wounded.
You closely miss the adder. You closely miss the centaur.
You block the adder's attack. The centaur hits you.
Natasha claws you but does no damage. You block the centaur's attack.
The adder bites you.
* * * LOW HITPOINT WARNING * * *
Natasha claws you.
* * * LOW HITPOINT WARNING * * *
You hit Natasha but do no damage.
Natasha is heavily wounded.
You closely miss the adder. You closely miss the centaur.
You block the centaur's attack. The adder closely misses you.
Natasha claws you but does no damage. You block the centaur's attack.
The adder bites you.
* * * LOW HITPOINT WARNING * * *
You closely miss Natasha.
Natasha is heavily wounded.
You closely miss the adder. You hit the centaur.
You block the centaur's attack. Natasha claws you.
You die...

..... #...# .#
#...# ... #...#
#.##...#
#.....S# #..ch#
#..S@####
#.......#
#....##.# .#
#.....#.# .#
#.......# .#
#####.########.#
#..........#
######....##
#(...+


You could see a centaur, Natasha and 2 adders.

Vanquished Creatures
  Jessica (D:2)
  Terence (D:2)
  Robin (D:2)
  An adder (D:2)
  A worm (D:2)
  3 leopard geckos
  An orc (D:2)
  6 bats
  3 giant cockroaches
  20 goblins
  13 hobgoblins
  4 jackals (D:2)
  5 kobolds
  A quokka (D:3)
  3 ball pythons
  4 frilled lizards
  10 rats
78 creatures vanquished.

Notes
Turn   | Place    | Note
-------+----------+-------------------------------------------
     0 | D:1      | Ebbett the Hill Orc Fighter began the quest for the Orb.
     0 | D:1      | Reached XP level 1. HP: 20/20 MP: 1/1
    73 | D:1      | Reached XP level 2. HP: 21/28 MP: 2/2
   418 | D:1      | Reached XP level 3. HP: 31/34 MP: 3/3
   941 | D:2      | Upgraded the game from bcrawl-1.13.1-9-ga81ed0b431 to
                  | bcrawl-1.15.1-4-g77d781cab4
  1145 | D:2      | Noticed Terence
  1167 | D:2      | Killed Terence
  1167 | D:2      | Reached XP level 4. HP: 39/41 MP: 4/4
  1234 | D:2      | Noticed Robin
  1261 | D:2      | Killed Robin
  1541 | D:2      | Reached XP level 5. HP: 47/47 MP: 5/5
  1590 | D:2      | Reached skill level 1 in Dodging
  1600 | D:2      | Noticed Jessica
  1606 | D:2      | Killed Jessica
  2031 | D:3      | Noticed a centaur
  2033 | D:3      | Noticed Natasha
  2043 | D:3      | Slain by Natasha

Skill      XL: |  1  2  3  4  5 |
---------------+----------------+-----
Shields        | 4 |  4.6
Armour         | 4 |  4.1
Dodging        | 1 |  1.1
Fighting       | |  4.8
Short Blades   | |  4.8
Long Blades    | |  4.8
Axes           | |  4.8
Maces & Flails | |  4.8
Polearms       | |  4.8
Staves         | |  4.8
Unarmed Combat | |  4.8

Action                   |  1- 3 |  4- 6 || total
-------------------------+-------+-------++-------
Melee: War axe           |   115 |   111 ||   226
  Eat: Chunk             |     1 |     2 ||     3
Armor: Scale mail        |    47 |    72 ||   119
Dodge: Dodged            |    31 |    38 ||    69
Block: Shield            |    65 |    73 ||   138
